 Dungeon Crawl Stone Soup version 0.19-a0-722-g27ac516 (webtiles) character file.

21 TheGoonsmith the Caller (level 2, -6/15 HPs)
             Began as a Deep Elf Summoner on June 21, 2016.
             Killed from afar by Sigmund (12 damage)
             ... with a puff of flame
             ... on level 2 of the Dungeon.
             The game lasted 00:03:57 (1759 turns).

TheGoonsmith the Caller (Deep Elf Summoner)         Turns: 1759, Time: 00:03:57

Health: -6/15      AC:  3    Str:  5    XL:     2   Next: 65%
Magic:  2/8        EV: 13    Int: 24    God:
Gold:   53         SH:  0    Dex: 15    Spells: 2 memorised, 4 levels left

rFire  . . .     SeeInvis .     g - +0 club
rCold  . . .     Gourm    .     a - +0 robe
rNeg   . . .     Faith    .     (no shield)
rPois  .         Spirit   .     (no helmet)
rElec  .         Dismiss  .     (no cloak)
rCorr  .         Reflect  .     m - +0 pair of gloves
SustAt .         Harm     .     (no boots)
MR     .....                    (no amulet)
Stlth  ++........               (no ring)
                                e - +5 ring of intelligence

@: not resistant to hostile enchantments, unstealthy
A: no striking features
a: no special abilities


You were on level 2 of the Dungeon.
You were hungry.

You visited 1 branch of the dungeon, and saw 2 of its levels.

You collected 53 gold pieces.

Inventory:

Hand Weapons
 g - a +0 club (weapon)
Armour
 a - a +0 robe (worn)
 m - a +0 pair of gloves (worn)
Jewellery
 e - a +5 ring of intelligence (left hand)
 i - an uncursed ring of protection from cold {unknown}
 j - an uncursed ring of protection from cold {unknown}
 n - an uncursed ring of sustain attributes {unknown}
Scrolls
 d - 3 scrolls of identify {unknown}
 h - a scroll of teleportation {unknown}
 k - a scroll of enchant weapon {unknown}
Potions
 l - a potion of lignification {unknown}
Books
 b - a book of Callings

   Spells                             Type                      Level
   a - Summon Small Mammal            Summoning                    1
   b - Call Imp                       Summoning                    2
   c - Call Canine Familiar           Summoning                    3
   d - Summon Guardian Golem          Hexes/Summoning              3
   e - Summon Lightning Spire         Summoning/Air                4
   f - Summon Ice Beast               Ice/Summoning                4
Comestibles
 c - a bread ration
 f - 2 meat rations


   Skills:
 - Level 2.4 Dodging
 - Level 2.4 Stealth
 + Level 3.3 Spellcasting
 * Level 5.1 Summonings


You had 4 spell levels left.
You knew the following spells:

 Your Spells              Type           Power        Failure   Level  Hunger
a - Summon Small Mammal   Summ           ####         1%          1    None
b - Call Imp              Summ           ####....     1%          2    #......


Dungeon Overview and Level Annotations

Branches:
Dungeon (2/15)

Altars:

Annotations:
D:2 Sigmund


Message History

You swap places.
Your quokka disappears in a puff of smoke!
Casting: Call Imp
Confirm with . or Enter, or press ? or * to list all spells.
A beastly little devil appears in a puff of frigid air.
Sigmund shouts!
What do you say? t - Shout!
Orders for allies: a - Attack new target. r - Retreat! s - Stop attacking. w - Wait here. f - Follow me.
Anything else - Stay silent.
Gang up on whom?
Press: ? - help, Dir - move target cursor, f - Sigmund
Aim: Sigmund, wielding a vampiric scythe and wearing a robe (severely wounded) Attack!
Sigmund gestures at you while chanting. The puff of flame hits you!
Ouch! That really hurt!
You die...

# ....# #.. # #.#.#
## ...##.#.#.##.#
#.....#.#...%
##.........#
......#.#..#
#.....#.###
#.....#.#.# #
#.%...#.#@#####
#.###...†...5...#
###(#.......#.#5###
)...........#.#.#
............#.#.#
.##.........#@#.#
.####....#..#.#.#
.........#..#.#.#
#####.#..#..#...#


You could see Sigmund, a friendly crimson imp and a friendly white imp.

Vanquished Creatures (collateral kills)
  2 giant cockroaches (D:1)
  4 goblins
  3 hobgoblins
  3 jackals (D:1)
  5 bats (D:1)
  5 giant newts (D:1)
  2 kobolds (D:1)
  7 rats (D:1)
31 creatures vanquished.

Notes
Turn   | Place    | Note
--------------------------------------------------------------
     0 | D:1      | TheGoonsmith the Deep Elf Summoner began the quest for the Orb.
     0 | D:1      | Reached XP level 1. HP: 10/10 MP: 6/6
   645 | D:1      | Reached XP level 2. HP: 15/15 MP: 4/8
   831 | D:1      | Reached skill level 5 in Summonings
   935 | D:1      | Learned a level 2 spell: Call Imp
  1691 | D:2      | Noticed Sigmund
  1759 | D:2      | Killed from afar by Sigmund

Vault maps used:
D:1:      eino_arrival_water_star, minmay_crystal_room, minmay_ruptured
D:2:      lemuel_crystal_altar, first_bread, minmay_misc_feat_diagonals,
          nrook_loot_triangle, uniq_sigmund

Skill      XL: |  1  2 |
---------------+-------+-----
Summonings     | 5 |  5.1
Dodging        | |  2.4
Stealth        | |  2.4
Spellcasting   | |  3.3

Action                   || total
-------------------------++-------
Melee: Club              ||    12
 Cast: Summon Small Mamm ||    53
       Call Imp          ||     8
  Eat: Chunk             ||     2
Armor: Robe              ||    15
Dodge: Dodged            ||    58
